 Dungeon Crawl Stone Soup version 0.22-a0-858-g985ef60 (webtiles) character file.

10 Leszczynek the Ducker (level 2, -1/18 HPs)
             Began as a Deep Elf Monk on July 27, 2018.
             Slain by a kobold
             ... wielding a +0 whip
              (7 damage)
             ... on level 2 of the Dungeon.
             The game lasted 00:02:55 (472 turns).

Leszczynek the Ducker (Deep Elf Monk)                Turns: 472, Time: 00:02:55

Health: -1/18      AC:  9    Str:  8    XL:     2   Next: 10%
Magic:  4/4        EV: 14    Int: 14    God:
Gold:   29         SH:  0    Dex: 17    Spells: 1/1 levels left

rFire    . . .     SeeInvis .   a - +0 short sword (protect)
rCold    . . .     Gourm    .   (no shield)
rNeg     . . .     Faith    .   b - +0 robe
rPois    .         Spirit   .   (no helmet)
rElec    .         Reflect  .   (no cloak)
rCorr    .         Harm     .   (no gloves)
MR       .....                  (no boots)
Stlth    ++........             (no amulet)
HPRegen  0.06/turn              (no ring)
MPRegen  0.09/turn              (no ring)

@: protection aura
A: no striking features
a: no special abilities


You were on level 2 of the Dungeon.
You were not hungry.

You visited 1 branch of the dungeon, and saw 2 of its levels.

You collected 29 gold pieces.

Inventory:

Hand Weapons
 a - a +0 short sword of protection (weapon)
 k - a +0 short sword
Missiles
 e - 62 arrows
 j - 30 stones (quivered)
Armour
 b - a +0 robe (worn)
 l - a +0 shield
Scrolls
 g - 2 scrolls of teleportation {unknown}
Potions
 c - a potion of resistance {unknown}
 h - a potion of curing {unknown}
 i - a potion of brilliance {unknown}
Comestibles
 d - 4 rations
 f - 2 chunks of flesh


   Skills:
 - Level 2.4 Fighting
 * Level 3.6 Short Blades
 - Level 3.6 Dodging
 - Level 2.4 Stealth
 + Level 0.0 Shields


You had one spell level left.
You didn't know any spells.
Your spell library was empty.

Dungeon Overview and Level Annotations

Branches:
Dungeon (2/15)

Altars:


Message History

Throwing (i - inventory)
j - 31 stones (quivered)
Press: ? - help, Shift-Dir - straight line, f/p - kobold
Aim: a kobold, wielding a whip You throw a stone.
The stone hits the kobold but does no damage.
The kobold throws a stone.
The stone closely misses you.
The kobold throws a stone.
The stone hits you but does no damage.
You see here a stone.
The kobold hits you with a whip.
You closely miss the kobold. The kobold barely misses you.
You closely miss the kobold. The kobold completely misses you.
You barely miss the kobold. The kobold hits you with a whip.
You hit the kobold.
Your weapon exudes an aura of protection.
The kobold is severely wounded.
The kobold hits you but does no damage.
You hit the kobold but do no damage.
The kobold is severely wounded.
The kobold hits you with a whip!
You die...

... ..#.# ...
....# .. #...#
..#(..# .#(.? ...
#########K#
##.......#@#
#######......#.(.#
.....##......#.(.#
.....''......#.#.#
.....##......#(#.#
.....##......#.#.#
.....#########.#.#
.....# ..#.#
.....### ###.#


You could see a kobold.

Vanquished Creatures
  A giant cockroach (D:1)
  A hobgoblin (D:1)
  4 bats
  2 frilled lizards (D:1)
  A goblin (D:2)
  2 kobolds (D:1)
  A rat (D:1)
12 creatures vanquished.

Notes
Turn   | Place    | Note
-------+----------+-------------------------------------------
     0 | D:1      | Leszczynek the Deep Elf Monk began the quest for the Orb.
     0 | D:1      | Reached XP level 1. HP: 13/13 MP: 3/3
   330 | D:1      | +0 short sword of protection
   358 | D:1      | Reached XP level 2. HP: 13/18 MP: 4/4
   414 | D:2      | shield
   472 | D:2      | Slain by a kobold

Vault maps used:
D:1:      lightli_arrival_statuegarden, minmay_misc_feat_plants, minivault_23,
          hangedman_decor_push
D:2:      lemuel_crystal_altar, first_ration, uniq_robin

Action                   || total
-------------------------++-------
Melee: Short sword       ||    49
Throw: Stone             ||    15
Armor: Robe              ||    12
Dodge: Dodged            ||    44

Table legend:
 A = Spawn XP
 B = Non-spawn XP
 C = Spawn XP percentage of total XP
 D = Spawn monster count
 E = Non-spawn monster count
 F = Spawn count percentage of total count
 G = Total turns spent on level
                    A         B        C        D         E        F      G
               +---------+---------+-------+---------+---------+-------+---------
         Total |       0 |      15 |   0.0 |       0 |      12 |   0.0 |   472
               +---------+---------+-------+---------+---------+-------+---------
           D:1 |       0 |      13 |   0.0 |       0 |      10 |   0.0 |   390
           D:2 |       0 |       2 |   0.0 |       0 |       2 |   0.0 |    82
               +---------+---------+-------+---------+---------+-------+---------
